 Dungeon Crawl Stone Soup version 0.19-b1-5-gdc9fa9d (webtiles) character file.

35047 nikopol the Severer (level 13, -6/117 HPs)
             Began as a Hill Orc Berserker on Oct 31, 2016.
             Was a High Priest of Trog.
             Mangled by a black mamba (16 damage)
             ... on level 6 of the Lair of Beasts.
             The game lasted 00:54:27 (20506 turns).

nikopol the Severer (Hill Orc Berserker)           Turns: 20506, Time: 00:54:28

Health: -6/117     AC: 15    Str: 22    XL:     13   Next: 81%
Magic:  13/13      EV: 15    Int:  7    God:    Trog [*****.]
Gold:   700        SH:  0    Dex: 13    Spells: 0 memorised, 12 levels left

rFire  . . .     SeeInvis .     a - +2 hand axe (freeze)
rCold  . . .     Gourm    .     E - +1 scale mail {rPois}
rNeg   . . .     Faith    .     (no shield)
rPois  +         Spirit   .     F - +1 helmet
rElec  .         Reflect  .     (no cloak)
rCorr  +         Harm     +     k - +2 pair of gloves {archery}
MR     +++..                    (no boots)
Stlth  ..........               x - amulet of harm
                                q - ring of protection from magic
                                p - ring of resist corrosion

@: regenerating
A: no striking features
a: Berserk, Trog's Hand, Brothers in Arms, Burn Spellbooks, Renounce Religion


You were on level 6 of the Lair of Beasts.
You worshipped Trog.
Trog was extremely pleased with you.
You were hungry.

You visited 2 branches of the dungeon, and saw 15 of its levels.
You also visited: Labyrinth and Sewer.

You collected 1001 gold pieces.
You spent 301 gold pieces at shops.

Inventory:

Hand Weapons
 a - a +2 hand axe of freezing (weapon)
 z - a +8 longbow of freezing
 D - a +5 antimagic broad axe
 U - a +1 shortbow
Missiles
 f - 82 arrows (quivered)
Armour
 k - a +2 pair of gloves of archery (worn)
 o - a +0 scale mail
 E - a +1 scale mail of poison resistance (worn)
 F - a +1 helmet (worn)
 G - a +4 ring mail
Jewellery
 e - an uncursed ring of flight
 j - the ring of Circularity {rElec rF- EV+5 Str+3 Stlth+, unknown}
   (You took it off a minotaur in a labyrinth)

   [ring of evasion]

   It affects your evasion (+5).
   It affects your strength (+3).
   It makes you vulnerable to fire.
   It insulates you from electricity.
   It makes you more stealthy.
 n - a cursed ring of teleportation {unknown}
 p - a ring of resist corrosion (left hand)
 q - a ring of protection from magic (right hand)
 r - a +2 ring of protection
 x - an amulet of harm (around neck)
 B - an uncursed ring of protection from cold {unknown}
 L - an uncursed ring of wizardry {unknown}
 M - the ring of Propriety {rF+ Stlth+, unknown}
   (You found it in a labyrinth)

   [ring of protection from fire]

   It protects you from fire.
   It makes you more stealthy.
Wands
 d - a wand of lightning (6/15)
 N - a wand of random effects (15/48)
 O - a wand of iceblast (13/15)
 R - a wand of confusion (23/48)
Scrolls
 b - 2 scrolls of fear
 g - a scroll of teleportation
 i - a scroll of recharging
 u - 4 scrolls of blinking
 v - 7 scrolls of remove curse
 y - 2 scrolls of enchant weapon
 J - a scroll of holy word {unknown}
 K - a scroll of silence {unknown}
 P - 2 scrolls of immolation {unknown}
 Q - a scroll of enchant armour
Potions
 h - 2 potions of agility {unknown}
 l - 3 potions of cancellation
 m - a potion of flight
 s - 3 potions of resistance
 t - 2 potions of might {unknown}
 w - 2 potions of magic
 C - a potion of mutation {unknown}
 H - 2 potions of brilliance
 I - a potion of degeneration {unknown}
 S - a potion of heal wounds {unknown}
Comestibles
 c - 5 bread rations
 A - a meat ration
 T - 5 chunks of flesh


   Skills:
 + Level 11.8 Fighting
 * Level 15.5 Axes
 * Level 10.4 Bows
 + Level 10.6 Armour
 + Level 8.4 Dodging


You had 12 spell levels left.
You didn't know any spells.

Dungeon Overview and Level Annotations

Branches:
Dungeon (9/15)             Temple (0/1) D:7            Lair (6/6) D:8
  Swamp (0/4) Lair:3       Spider (0/4) Lair:3        Slime (0/5) Lair:6
    Orc: D:9-12

Altars:
Hepliaklqana
Kikubaaqudgha
Xom
Yredelemnul
Jiyva

Shops:
D:4 %   D:6 [   D:9 %


Message History

The black mamba misses you.
The rime drake bites the fungus.
The blink frog hits the plant!
The black mamba bites you.
* * * LOW HITPOINT WARNING * * *
The blink frog is no longer moving slowly.
The blink frog blinks!
The black mamba closely misses you.
The blink frog blinks!
The blink frog blinks!
The black mamba misses you.
The blink frog blinks!
The blink frog blinks! x2; The black mamba closely misses you.
The rime drake bites the fungus.
The blink frog blinks! x3
The rime drake bites the fungus.
The blink frog hits you but does no damage.
The black mamba bites you.
* * * LOW HITPOINT WARNING * * *
The blink frog hits you.
* * * LOW HITPOINT WARNING * * *
The rime drake bites the fungus.
The blink frog hits you but does no damage.
The black mamba bites you!
You die...

#......## ...####
###.......# ....#..
#.........# ...#...
##P.......#
......##P.....F.#
#.......P...kP.#
#..)......PPP.#
##....F..P...#
#.......F@SF.# #
##.....######.F...#
## #......# ##.####
.####...F.# ###
....#.(..# .
.....#.F#### ###.##
.).....#...##..#..#
.....(§.....#.....##
#..†...............#


You could see a black mamba, 5 blink frogs and a rime drake.

Vanquished Creatures
  A minotaur (Lab)
  A catoblepas (Lair:6)
  4 hydras
  3 death yaks (Lair:6)
  Sonja (Lair:4)
  Pikel (D:7)
  2 manticores (Lair:6)
  7 elephants
  3 black mambas
  A torpor snail (Lair:6)
  15 spiny frogs
  7 komodo dragons
  2 rime drakes (Lair:6)
  A jumping spider (Lair:3)
  A polar bear (Lair:5)
  17 blink frogs
  6 hippogriffs
  10 dream sheep
  2 redbacks (Lair:3)
  A spriggan (D:8)
  A wyvern (Lair:6)
  Eustachio (D:5)
  2 basilisks
  5 yaks
  6 hungry ghosts
  Menkaure (D:7)
  9 water moccasins
  7 porcupines
  2 hell hounds (D:8)
  An orc warrior (D:7)
  2 slaves (D:7)
  An ice beast (D:8)
  A black bear (D:9)
  2 phantoms
  An ogre (D:4)
  2 necrophages
  A centaur (D:6)
  25 wolves
  6 crocodiles
  A big kobold (D:7)
  An earth elemental (Lab)
  13 bullfrogs
  A gnoll sergeant (D:6)
  A wyvern zombie (D:6)
  7 howler monkeys
  2 electric eels (Lair:3)
  7 jellies
  2 crimson imps
  3 orc priests
  A bullfrog zombie (D:8)
  8 orc wizards
  5 hounds
  2 iguanas
  6 worker ants
  A hound zombie (D:8)
  A hound skeleton (D:7)
  A howler monkey skeleton (D:7)
  A howler monkey zombie (D:8)
  9 gnolls
  5 adders
  6 oozes
  An adder zombie (D:8)
  An adder skeleton (D:7)
  2 worms
  5 dart slugs
  8 leopard geckos
  31 orcs
  6 ball pythons
  18 giant cockroaches
  11 goblins
  9 hobgoblins
  3 jackals (D:2)
  5 quokkas
  A ball python skeleton (D:4)
  7 bats
  8 frilled lizards
  A jackal zombie (D:8)
  15 kobolds
  A leopard gecko skeleton (D:4)
  A leopard gecko zombie (D:3)
  6 rats
  2 fungi (Lair:6)
  A plant (Lair:3)
389 creatures vanquished.

Vanquished Creatures (others)
  A rime drake (Lair:6)
  A basilisk (Lair:6)
  7 fungi
  3 plants (Lair:6)
12 creatures vanquished.

Grand Total: 401 creatures vanquished

Notes
Turn   | Place    | Note
-------+----------+-------------------------------------------
     0 | D:1      | nikopol the Hill Orc Berserker began the quest for the Orb.
     0 | D:1      | Reached XP level 1. HP: 19/19 MP: 1/1
   304 | D:1      | Reached XP level 2. HP: 17/27 MP: 2/2
   785 | D:1      | Reached XP level 3. HP: 29/33 MP: 3/3
   967 | D:1      | Reached ** piety under Trog
  1330 | D:2      | Reached XP level 4. HP: 40/40 MP: 4/4
  1416 | D:2      | Found an ancient bone altar of Kikubaaqudgha.
  1934 | D:3      | Reached XP level 5. HP: 9/47 MP: 5/5
  2244 | D:3      | Reached *** piety under Trog
  2248 | D:3      | Reached skill level 5 in Axes
  2507 | D:3      | Reached XP level 6. HP: 53/53 MP: 6/6
  2964 | D:4      | Reached skill level 5 in Fighting
  3828 | D:4      | Reached XP level 7. HP: 61/61 MP: 7/7
  3833 | D:4      | Reached skill level 6 in Axes
  3923 | D:4      | Found Matuib's Food Boutique.
  4215 | D:4      | Reached **** piety under Trog
  4595 | D:5      | Entered Level 5 of the Dungeon
  4622 | D:5      | Found a glowing drain.
  4658 | Sewer    | Entered a sewer
  4920 | Sewer    | Reached skill level 5 in Armour
  5354 | D:5      | Reached XP level 8. HP: 59/70 MP: 8/8
  5818 | D:5      | Noticed Eustachio
  5828 | D:5      | Killed Eustachio
  5828 | D:5      | Reached skill level 7 in Axes
  5917 | D:5      | Found a basalt altar of Yredelemnul.
  6182 | D:6      | Reached ***** piety under Trog
  6576 | D:6      | Found a shimmering altar of Xom.
  6627 | D:6      | Reached skill level 1 in Bows
  6954 | D:6      | Found Ytoubif's Armour Emporium.
  6960 | D:6      | Bought a +2 pair of gloves of archery for 301 gold pieces
  7549 | D:7      | Reached skill level 8 in Axes
  7550 | D:7      | Reached XP level 9. HP: 79/79 MP: 9/9
  7628 | D:7      | Reached skill level 5 in Dodging
  7660 | D:7      | Found a staircase to the Ecumenical Temple.
  7709 | D:7      | Received a gift from Trog
  7880 | D:7      | Noticed Menkaure
  7892 | D:7      | Killed Menkaure
  7892 | D:7      | Reached skill level 9 in Axes
  8208 | D:7      | Noticed Pikel
  8239 | D:7      | Killed Pikel
  8552 | D:7      | Found a hazy altar of Hepliaklqana.
  8637 | D:7      | Reached XP level 10. HP: 88/88 MP: 10/10
  8768 | D:8      | Reached skill level 10 in Axes
  9075 | D:8      | Found a staircase to the Lair.
  9310 | D:8      | Reached skill level 5 in Bows
  9312 | D:8      | Found a viscous altar of Jiyva.
  9658 | D:9      | Found Ohuariq's Food Shoppe.
  9705 | Lair:1   | Entered Level 1 of the Lair of Beasts
 10337 | Lair:1   | Reached skill level 11 in Axes
 10601 | Lair:1   | Received a gift from Trog
 10813 | Lair:1   | Noticed a spiny frog
 10821 | Lair:1   | Killed a spiny frog
 10916 | Lair:2   | Noticed a spiny frog
 10921 | Lair:2   | Noticed a spiny frog
 10927 | Lair:2   | Killed a spiny frog
 10933 | Lair:2   | Killed a spiny frog
 11271 | Lair:2   | Noticed a spiny frog
 11290 | Lair:2   | Killed a spiny frog
 11290 | Lair:2   | Reached XP level 11. HP: 67/97 MP: 11/11
 11796 | Lair:2   | Reached skill level 12 in Axes
 13276 | Lair:3   | Found a staircase to the Swamp.
 13333 | Lair:3   | Found a hole to the Spider Nest.
 14381 | Lair:3   | Reached XP level 12. HP: 89/106 MP: 12/12
 14387 | Lair:3   | Reached skill level 13 in Axes
 14552 | Lair:4   | Reached skill level 10 in Fighting
 14587 | Lair:4   | Found a labyrinth entrance.
 14587 | Lair:4   | Noticed Sonja
 14593 | Lair:4   | Killed Sonja
 14602 | Lab      | Entered a labyrinth
 16280 | Lab      | Noticed a minotaur
 16293 | Lab      | Killed a minotaur
 16295 | Lab      | Got a coiled marble ring
 16306 | Lab      | Got a steaming golden ring
 17033 | Lair:4   | Noticed an eight-headed hydra
 17041 | Lair:4   | Killed an eight-headed hydra
 17377 | Lair:5   | Noticed a six-headed hydra
 17442 | Lair:4   | Killed an 11-headed hydra
 18006 | Lair:5   | Reached skill level 14 in Axes
 18497 | Lair:5   | Received a gift from Trog
 18568 | Lair:5   | Reached XP level 13. HP: 68/116 MP: 13/13
 19341 | Lair:6   | Entered Level 6 of the Lair of Beasts
 19454 | Lair:6   | Reached skill level 10 in Armour
 19603 | Lair:6   | Found a staircase to the Slime Pits.
 19747 | Lair:6   | Received a gift from Trog
 19757 | Lair:6   | Reached skill level 10 in Bows
 19867 | Lair:6   | Reached skill level 15 in Axes
 20506 | Lair:6   | Mangled by a black mamba

Skill      XL: |  1  2  3  4  5  6  7  8  9 10 11 12 13 |
---------------+----------------------------------------+-----
Dodging        | 2 3 4 5 6 7 8 |  8.4
Armour         | 3 4 5 6 7 8 9 10 | 10.6
Fighting       | 4 5 6 7 9 11 | 11.8
Axes           | 5 6 8 9 11 12 14 15 | 15.5
Bows           | 2 4 6 8 9 10 | 10.4

Action                   |  1- 3 |  4- 6 |  7- 9 | 10-12 | 13-15 || total
-------------------------+-------+-------+-------+-------+-------++-------
Melee: Hand axe          |    90 |   199 |   387 |   441 |   182 ||  1299
 Fire: Shortbow          |       |       |    81 |   285 |    77 ||   443
       Longbow           |       |       |       |       |    35 ||    35
Invok: Berserk           |     1 |     5 |     6 |     5 |     3 ||    20
       Burn Spellbooks   |       |       |       |     3 |       ||     3
       Trog's Hand       |       |       |       |       |     1 ||     1
  Use: Scroll            |       |       |     9 |     9 |     1 ||    19
       Potion            |       |       |       |     1 |       ||     1
 Stab: Sleeping          |     1 |       |       |       |       ||     1
  Eat: Chunk             |     2 |    12 |    22 |    20 |     9 ||    65
       Meat ration       |       |       |       |     3 |       ||     3
       Pizza             |       |       |       |     1 |       ||     1
       Royal jelly       |       |       |       |     1 |       ||     1
       Bread ration      |       |       |       |     4 |       ||     4
Armor: Animal skin       |     7 |       |       |       |       ||     7
       Ring mail         |     4 |    53 |       |       |       ||    57
       Scale mail        |       |    13 |   121 |   160 |    56 ||   350
Dodge: Dodged            |    51 |   127 |   227 |   291 |    92 ||   788
